 Dungeon Crawl Stone Soup version 0.30.0-15-g856e2d3f33 (webtiles) character file.

Game seed: 2321617313260780358

281 dolemite99 the Shooter (level 6, 0/48 HPs)
             Began as a Draconian Hunter on May 19, 2023.
             Was a Believer of Fedhas.
             Succumbed to a scorpion's poison
             ... on level 5 of the Dungeon.
             The game lasted 00:03:36 (1998 turns).

dolemite99 the Shooter (Draconian Hunter)           Turns: 1998, Time: 00:03:36

Health: 0/48       AC:  3    Str: 14    XL:     6   Next: 6%
Magic:  6/6        EV: 12    Int: 15    God:    Fedhas [**....]
Gold:   113        SH:  0    Dex: 16    Spells: 5/5 levels left

rFire   . . .        b - +0 short sword (venom)
rCold   + . .        (no shield)
rNeg    . . .        (body armour unavailable)
rPois   .            (helmet restricted)
rElec   .            t - +0 cloak
rCorr   .            (no gloves)
SInv    .            (no boots)
Will    .....        (no amulet)
Stlth   ++           f - +6 ring of intelligence
HPRegen 0.28/turn    i - ring of protection from cold
MPRegen 0.10/turn

%: no passive effects
@: lethally poisoned (0 -> -5), corroded, on berserk cooldown, slowed, very slow
A: AC +6, unfitting armour, cold-blooded
a: Renounce Religion, Wall of Briars


You were on level 5 of the Dungeon.
You worshipped Fedhas.
Fedhas was pleased with you.
You visited 1 branch of the dungeon, and saw 5 of its levels.

You collected 113 gold pieces.

Inventory:

Hand Weapons
 a - a +1 shortbow
 b - a +0 short sword of venom (weapon)
 q - a +0 dagger of venom
Missiles
 e - 5 javelins
Armour
 t - a +0 cloak (worn)
Jewellery
 f - a +6 ring of intelligence (left hand)
 i - a ring of protection from cold (right hand)
 k - a ring of flight
 p - a ring of resist corrosion
 u - a ring of magical power
Wands
 n - a wand of iceblast (1)
Scrolls
 g - a scroll of immolation
Potions
 c - a potion of curing {unknown}
 d - a potion of magic {unknown}
 j - a potion of degeneration {unknown}
 l - a potion of invisibility {unknown}
 m - a potion of lignification {unknown}
 s - a potion of resistance {unknown}


   Skills:
 - Level 2.1 Fighting
 + Level 6.7 Ranged Weapons
 - Level 1.7 Dodging
 - Level 0.8 Stealth


You had 5 spell levels left.
You didn't know any spells.
Your spell library was empty.

Dungeon Overview and Level Annotations

Branches:
Dungeon (6/15)
 Temple: D:4-7

Altars:
Fedhas


Innate Abilities, Weirdness & Mutations

Your plain brown scales are hard. (AC +6)
You cannot fit into any form of body armour.
You are cold-blooded and may be slowed by cold attacks.


Message History

The ufetubus hits you but does no damage.
The jelly hits you but does no damage. The jelly attacks as you move away!
The jelly barely misses you. The ufetubus attacks as you move away!
The ufetubus barely misses you. x2
The jelly attacks as you move away! The jelly hits you. The acid corrodes you!
You are splashed with acid!
The ufetubus closely misses you. The ufetubus hits you.
* * * LOW HITPOINT WARNING * * *
The ufetubus attacks as you move away! The ufetubus misses you. x2
A red film seems to cover your vision as you go berserk!
You feel yourself moving faster!
You feel mighty! The ufetubus misses you. The ufetubus closely misses you.
The ufetubus hits you but does no damage.
The ufetubus barely misses you. The jelly barely misses you.
You feel a strong urge to attack something.
You feel your anger nearly subside.
You are no longer berserk.
You are exhausted.
You feel yourself slow down. The ufetubus barely misses you.
The ufetubus closely misses you. The ufetubus attacks as you move away!
The ufetubus hits you.
* * * LOW HITPOINT WARNING * * *
The ufetubus misses you. The ufetubus hits you.
* * * LOW HITPOINT WARNING * * *
The ufetubus misses you.
Okay, then.
The ufetubus barely misses you. x2
The scorpion attacks as you move away! The scorpion stings you.
* * * LOW HITPOINT WARNING * * *
You are lethally poisoned!
The scorpion poisons you!
* * * LOW HITPOINT WARNING * * *
You feel very sick.
The ufetubus hits you but does no damage.
The ufetubus barely misses you. The scorpion stings you.
* * * LOW HITPOINT WARNING * * *
The ufetubus attacks as you move away! The ufetubus hits you.
* * * LOW HITPOINT WARNING * * *
The ufetubus hits you but does no damage.
You die...
Fedhas appreciates your contribution to the ecosystem.

......).................. ....
.##...........................#
##.)..............##.# ......
##................##.##......
##.....)...........##.#.....(...
.#...÷...........................
.......)..................#......
..#.#.........5..........##......
..#.#.........s.@........#.......
#.............J...............##.
#.................)...........#..
.....................#..#........
##.>....##...........###.........
###.##.....##.........##..####..
#...##....................##...
....#..............##.†...#####.
##. #........................###


You could see a scorpion, a jelly and an ufetubus.

Vanquished Creatures
  A phantom (D:5)
  A hound (D:5)
  An orc priest (D:5)
  An orc wizard (D:5)
  An iguana (D:5)
  2 adders
  2 gnolls (D:1)
  2 worms (D:2)
  2 dart slugs
  5 orcs (D:5)
  4 endoplasms
  3 goblins
  5 hobgoblins
  3 jackals (D:1)
  A quokka (D:1)
  2 ball pythons (D:1)
  6 bats
  2 frilled lizards (D:1)
  3 kobolds
  A rat (D:1)
48 creatures vanquished.

Vanquished Creatures (collateral kills)
  2 orcs (D:5)
2 creatures vanquished.

Grand Total: 50 creatures vanquished

Notes
Turn   | Place    | Note
-------+----------+-------------------------------------------
     0 | D:1      | dolemite99 the Draconian Hunter began the quest for the
                  | Orb.
     0 | D:1      | Reached XP level 1. HP: 17/17 MP: 1/1
    49 | D:1      | Reached skill level 4 in Ranged Weapons
    49 | D:1      | Reached XP level 2. HP: 24/24 MP: 2/2
   139 | D:1      | Found a faded altar of an unknown god.
   161 | D:1      | Prayed at the altar of an unknown god.
   161 | D:1      | Became a worshipper of Fedhas Madash
   161 | D:1      | Reached * piety under Fedhas
   216 | D:1      | Reached XP level 3. HP: 29/29 MP: 3/3
   887 | D:2      | Reached ** piety under Fedhas
  1135 | D:2      | Reached skill level 5 in Ranged Weapons
  1228 | D:2      | Reached XP level 4. HP: 36/36 MP: 4/4
  1536 | D:3      | You fall into a shaft and drop 3 floors!
  1540 | D:5      | Entered Level 5 of the Dungeon
  1614 | D:5      | Noticed a phantom
  1629 | D:5      | Killed a phantom
  1630 | D:5      | Reached skill level 6 in Ranged Weapons
  1630 | D:5      | Reached XP level 5. HP: 23/41 MP: 5/5
  1641 | D:5      | Identified the +4 chain mail of the Comet {rElec rF++ rC+
                  | Str-2}
  1886 | D:5      | Reached XP level 6. HP: 34/48 MP: 6/6
  1998 | D:5      | HP: 2/48 [ufetubus (2)]
  1998 | D:5      | Succumbed to a scorpion's poison

Illustrated notes

Levels and vault maps discovered:
D:1:      lemuel_arrival_broad_hall, layout_loops_ring,
          shapermc_ecumenical_altar_mp_ritualfount
D:2:      layout_basic, grunt_ministairs_8, corexii_corridor_pit,
          nicolae_kite_square_tiling_tiny
D:3:      layout_loops_ring, mainiacjoe_overflow_concentric_impassable,
          minmay_door_square, minmay_randomly_rotated_circles,
          uniq_crazy_yiuf_cottage
D:5:      layout_cave_pools, minmay_misc_feat_pillars
D:6:      layout_loops_cross, kiku_gazebo_garden_becter

Skill      XL: |  1  2  3  4 |
---------------+-------------+-----
Ranged Weapons | 4 5 6 |  6.7
Fighting       | |  2.1
Dodging        | |  1.7
Stealth        | |  0.8

Action                     |  1- 3 |  4- 6 || total
---------------------------+-------+-------++-------
  Melee: Dagger            |       |     7 ||     7
         Short sword       |       |     8 ||     8
         Tailslap          |       |     1 ||     1
   Fire: Shortbow          |   111 |    51 ||   162
    Use: Scroll            |       |     6 ||     6
         Potion            |       |     2 ||     2
 Armour: Skin              |    22 |    27 ||    49
  Dodge: Dodged            |    46 |    44 ||    90
